 Dungeon Crawl Stone Soup version 0.19-a0-742-g4563caa (webtiles) character file.

196 4thArraOfDagon the Firebug (level 5, -4/28 HPs)
             Began as a Deep Elf Fire Elementalist on June 23, 2016.
             Was an Initiate of Vehumet.
             Slain by Tungsten's ghost (14 damage)
             ... on level 6 of the Dungeon.
             The game lasted 00:06:25 (957 turns).

4thArraOfDagon the Firebug (DEFE)                    Turns: 957, Time: 00:06:25

Health: -4/28      AC:  5    Str:  5    XL:     5   Next: 45%
Magic:  4/13       EV: 13    Int: 21    God:    Vehumet [......]
Gold:   74         SH:  0    Dex: 15    Spells: 3 memorised, 4 levels left

rFire  . . .     SeeInvis .     j - +0 lajatang
rCold  . . .     Gourm    .     a - +0 robe
rNeg   . . .     Faith    .     (shield currently unavailable)
rPois  .         Spirit   .     (no helmet)
rElec  .         Dismiss  .     (no cloak)
rCorr  .         Reflect  .     e - +1 pair of gloves (curse)
SustAt .         Harm     .     (no boots)
MR     .....                    (no amulet)
Stlth  ++........               (no ring)
                                (no ring)

@: very slightly contaminated, not resistant to hostile enchantments, unstealthy
A: claws 1, icy blue scales 1
a: Renounce Religion


You were on level 6 of the Dungeon.
You worshipped Vehumet.
Vehumet was noncommittal.
You were hungry.

You visited 2 branches of the dungeon, and saw 9 of its levels.

You collected 74 gold pieces.

Inventory:

Hand Weapons
 g - a +0 dagger
 j - a +0 lajatang (weapon)
Armour
 a - a +0 robe (worn)
 e - a cursed +1 pair of gloves (worn)
Scrolls
 d - a scroll of fog
 h - 2 scrolls of enchant armour
Books
 b - a book of Flames

   Spells                             Type                      Level
   a - Flame Tongue                   Conjuration/Fire             1
   b - Throw Flame                    Conjuration/Fire             2
   c - Conjure Flame                  Conjuration/Fire             3
   d - Inner Flame                    Hexes/Fire                   3
   e - Sticky Flame                   Conjuration/Fire             4
   f - Fireball                       Conjuration/Fire             5
Comestibles
 c - 3 bread rations
 i - a royal jelly
 l - a beef jerky


   Skills:
 - Level 2.4 Dodging
 - Level 2.4 Stealth
 + Level 4.0 Spellcasting
 * Level 3.7 Conjurations
 * Level 5.2 Fire Magic


You had 4 spell levels left.
You knew the following spells:

 Your Spells              Type           Power        Failure   Level  Hunger
a - Flame Tongue          Conj/Fire      ###..        1%          1    None
b - Conjure Flame         Conj/Fire      ###.....     6%          3    ###....
c - Sticky Flame          Conj/Fire      ###.....     21%         4    ####...


Dungeon Overview and Level Annotations

Branches:
Dungeon (8/15)             Temple (1/1) D:6
   Lair: D:8-11

Altars:
Cheibriados
Elyvilon
Kikubaaqudgha
Nemelex Xobeh
Okawaru
Pakellas
Ru
Uskayaw
Vehumet
The Shining One

Annotations:
D:6 Tungsten's ghost, novice VSMo


Innate Abilities, Weirdness & Mutations

You have sharp fingernails.
You are partially covered in icy blue scales. (AC +1)


Message History

Unknown command.
Unknown command.
The phantom hits you.
Unknown command.
The kobold shoots a poisoned needle.
The poisoned needle barely misses you.
Found a stone staircase leading up.
Unknown command.
Unknown command.
Blink to where?
Press: ? - help, Dir - move target cursor You are very lightly contaminated with residual magic.
As you read the scroll of blinking, it crumbles to dust.
Found a cloak and 6 needles of frenzy.
Found a stone staircase leading down.
Unknown command.
Unknown command.
You climb upwards.
Level annotation: Tungsten's ghost, novice VSMo Tungsten's ghost hits you! x2
Ouch! That really hurt!
You die...

.#.#### .
.......####....
#.!.@W....#
#.#......##
...####....
#... ... .....
. #.#### #. .


You could see Tungsten's ghost.

Vanquished Creatures
  A giant frog (D:6)
  A centaur zombie (D:8)
  A jelly (D:6)
  A gnoll (D:8)
  4 adders
  A dart slug (D:1)
  A worm (D:2)
  A goblin (D:2)
  5 hobgoblins
  4 jackals (D:6)
  2 kobolds
  A rat (D:2)
23 creatures vanquished.

Notes
Turn   | Place    | Note
--------------------------------------------------------------
     0 | D:1      | 4thArraOfDagon the Deep Elf Fire Elementalist began the quest for the Orb.
     0 | D:1      | Reached XP level 1. HP: 10/10 MP: 6/6
    34 | D:1      | magipi: defe?
   207 | D:2      | Reached XP level 2. HP: 15/15 MP: 6/8
   427 | D:4      | Reached skill level 4 in Fire Magic
   427 | D:4      | Reached XP level 3. HP: 19/19 MP: 6/9
   432 | D:4      | Learned a level 3 spell: Conjure Flame
   470 | D:5      | Entered Level 5 of the Dungeon
   533 | D:6      | Noticed Tungsten's ghost (novice VSMo)
   557 | D:6      | Reached XP level 4. HP: 24/24 MP: 0/11
   561 | D:6      | Found a staircase to the Ecumenical Temple.
   568 | Temple   | Entered the Ecumenical Temple
   575 | Temple   | Became a worshipper of Vehumet
   771 | D:6      | Learned a level 4 spell: Sticky Flame
   771 | D:6      | Noticed a giant frog
   781 | D:6      | Killed a giant frog
   781 | D:6      | Reached XP level 5. HP: 12/28 MP: 6/12
   788 | D:6      | Reached skill level 5 in Fire Magic
   812 | D:8      | Gained mutation: You have sharp fingernails. [potion of beneficial mutation]
   814 | D:8      | Gained mutation: You are partially covered in icy blue scales. (AC +1) [potion of beneficial mutation]
   914 | D:8      | Noticed a wolf
   915 | D:8      | Noticed a sky beast
   917 | D:8      | Noticed a wolf
   931 | D:7      | Noticed a centaur
   939 | D:7      | Noticed a necrophage
   940 | D:7      | Noticed a phantom
   957 | D:6      | Slain by Tungsten's ghost

Vault maps used:
D:1:      co_arrival_random_square_maze
D:2:      minmay_kobold_bridge
D:3:      grunt_temple_overflow_gold_and_silver, old_standard_altar, first_bread
D:4:      uniq_pikel
D:6:      uniq_blork_the_orc
D:7:      kennysheep_small_circle, uniq_joseph, uniq_prince_ribbit1,
          uniq_crazy_yiuf_cottage
D:8:      erik_lair_island, nicolae_ossuary_entry_false_entrances, uniq_erica
Temple:   eino_temple_lava

Skill      XL: |  1  2  3  4  5 |
---------------+----------------+-----
Conjurations   | 2 3 |  3.7
Fire Magic     | 4 5 |  5.2
Spellcasting   | 4 |  4.0
Dodging        | |  2.4
Stealth        | |  2.4

Action                   |  1- 3 |  4- 6 || total
-------------------------+-------+-------++-------
Melee: Unarmed           |     2 |       ||     2
       Dagger            |    14 |       ||    14
       Lajatang          |       |     4 ||     4
 Cast: Flame Tongue      |    42 |    11 ||    53
       Conjure Flame     |     1 |     2 ||     3
       Sticky Flame      |       |     2 ||     2
  Use: Scroll            |       |     5 ||     5
       Potion            |       |     2 ||     2
 Stab: Sleeping          |     1 |       ||     1
Armor: Robe              |     3 |     3 ||     6
Dodge: Dodged            |    25 |    17 ||    42
